 Dungeon Crawl Stone Soup version 0.18-a0-1570-gf60b0ab (webtiles) character file.

127 Duffy the Sneak (level 5, 0/42 HPs)
             Began as a Naga Enchanter on Mar 14, 2016.
             Slain by an orc
             ... wielding a +0 club
              (4 damage)
             ... on level 3 of the Dungeon.
             The game lasted 00:04:15 (2818 turns).

Duffy the Sneak (Naga Enchanter)                    Turns: 2818, Time: 00:04:15

Health: 0/42       AC:  3    Str: 10    XL:     5   Next: 11%
Magic:  2/8        EV: 10    Int: 15    God:
Gold:   78         SH:  0    Dex: 13    Spells: 3 memorised, 1 level left

rFire  . . .     SeeInvis +     a - +1 dagger
rCold  . . .     Gourm    .     b - +1 robe
rNeg   . . .     Faith    .     (no shield)
rPois  +         Spirit   .     (no helmet)
rElec  .         Dismiss  .     (no cloak)
rCorr  .         Reflect  .     (no gloves)
SustAt .         Harm     .     (no barding)
MR     .....                    (no amulet)
Stlth  ++++......               (no ring)
                                k - ring of wizardry

@: short of breath, very slow, not resistant to hostile enchantments, stealthy
A: see invisible, deformed body, poison resistance, slowness 2, slow metabolism
1, spit poison 2, AC +1
a: Spit Poison


You were on level 3 of the Dungeon.
You were not hungry.

You visited 1 branch of the dungeon, and saw 3 of its levels.

You collected 78 gold pieces.


Innate Abilities, Weirdness & Mutations

You cannot wear boots.
Your serpentine skin is tough (AC +1).
You have supernaturally acute eyesight.
Armour fits poorly on your strangely shaped body.
Your system is resistant to poisons.
You cover ground very slowly.
You have a slow metabolism.
You can spit poison.


   Skills:
 - Level 2.0 Short Blades
 - Level 1.5 Dodging
 + Level 6.8 Stealth
 - Level 2.0 Spellcasting
 + Level 4.1 Hexes


You had one spell level left.
You knew the following spells:

 Your Spells              Type           Power        Failure   Level  Hunger
a - Confuse               Hex            ##......     6%          3    ###....
l - Tukima's Dance        Hex            ##......     6%          3    ###....
r - Corona                Hex            ##.....      1%          1    #......

Inventory:

Hand Weapons
 a - a +1 dagger (weapon)
Missiles
 g - 7 poisoned needles
 h - 8 javelins (quivered)
Armour
 b - a +1 robe (worn)
Jewellery
 k - a ring of wizardry (left hand)
Scrolls
 e - a scroll of enchant weapon {unknown}
 l - a scroll of noise {unknown}
 n - a scroll of remove curse {unknown}
 o - 2 scrolls of teleportation {unknown}
Potions
 j - a potion of might
 m - 2 potions of heal wounds
Books
 c - a book of Maledictions
Comestibles
 d - 4 bread rations
 f - a meat ration
 i - a royal jelly

Dungeon Overview and Level Annotations

Branches:
Dungeon (3/15)

Altars:
Makhleb
Okawaru
Trog


Message History

The adder is severely wounded.
The adder closely misses you.
You hit the adder.
The adder is almost dead.
The orc priest calls down the wrath of Beogh upon you.
Beogh smites you!
You hit the adder.
You kill the adder!
You can't do that yet.
Cast which spell? (? or * to list)
Aiming: Confuse
Press: ? - help, Shift-Dir - straight line, f/p - orc
Aim: an orc (chance to defeat MR: 81%)
The orc priest appears confused.
You have got your breath back.
You strike the helpless orc priest from behind!
You puncture the orc priest!
You kill the orc priest!
Your Hexes skill increases to level 4!
You have reached level 5!
You hit the orc.
The orc is heavily wounded.
The orc misses you.
You hit the orc.
The orc is almost dead.
The orc closely misses you.
Press: ? - help, Shift-Dir - straight line, f - orc, p - orc
Aim: an orc, wielding a club and wearing a leather armour The splash of poison misses the orc. x2; You feel slightly more hungry.
The orc hits you.
You hit the orc.
You kill the orc!
You hit the orc but do no damage. The orc hits you with a club.
You closely miss the orc. The orc hits you with a club.
You die...

.#.##..
#........#
.#.###[#
#####.########
#...(........
#.###.#######
#.# #.#
#.#########
#.#.......#
#@#.......#
#o#..o....#
#)#.o.....#
##.#........
#.....#.####
#.....#
#.....#
#.....#
#.....#


You could see an orc.

Action                   |  1- 3 |  4- 6 || total
-------------------------+-------+-------++-------
Melee: Dagger            |   139 |    50 ||   189
 Cast: Confuse           |     2 |     2 ||     4
 Abil: Spit Poison       |    22 |     4 ||    26
  Use: Scroll            |       |     3 ||     3
 Stab: Sleeping          |     6 |     4 ||    10
       Distracted        |       |     1 ||     1
       Confused          |       |     1 ||     1
  Eat: Chunk             |     4 |     2 ||     6

Notes
Turn   | Place    | Note
--------------------------------------------------------------
     0 | D:1      | Duffy the Naga Enchanter began the quest for the Orb.
     0 | D:1      | Reached XP level 1. HP: 15/15 MP: 3/3
   324 | D:1      | Reached XP level 2. HP: 14/22 MP: 5/5
   437 | D:1      | Reached skill level 5 in Stealth
  1018 | D:1      | Reached skill level 2 in Short Blades
  1018 | D:1      | Reached XP level 3. HP: 24/28 MP: 6/6
  1091 | D:1      | Learned a level 3 spell: Confuse
  1859 | D:2      | Found a burning altar of Makhleb.
  1860 | D:2      | Found a bloodstained altar of Trog.
  2060 | D:2      | Reached skill level 6 in Stealth
  2083 | D:2      | Reached XP level 4. HP: 36/36 MP: 7/7
  2301 | D:2      | Learned a level 3 spell: Tukima's Dance
  2515 | D:2      | Found an iron altar of Okawaru.
  2812 | D:3      | Reached skill level 4 in Hexes
  2812 | D:3      | Reached XP level 5. HP: 7/42 MP: 1/8
  2818 | D:3      | Slain by an orc

Vault maps used:
D:1:      saegor_arrival_simple_a, minmay_misc_feat_tiny, lemuel_flame_loot_1
D:2:      gammafunk_temple_overflow_statue, first_bread,
          okawaru_metal_pillars_1_2
D:3:      cheibrodos_ashenzari_chains, serial_bayou_crossing, uniq_jessica,
          uniq_sigmund, uniq_natasha

Vanquished Creatures
  An orc priest
  3 adders
  3 worms
  A dart slug
  A giant gecko
  3 orcs
  A ball python
  2 giant cockroaches
  7 goblins
  7 hobgoblins
  7 jackals
  A quokka
  4 bats
  3 giant newts
  4 kobolds
  8 rats
56 creatures vanquished.
